 Dungeon Crawl Stone Soup version 0.30.0-5-g1a98f26d00 (webtiles) character file.

Game seed: 18062148667428452042

89719 sasquatch the Severer (level 16, -3/125 HPs)
             Began as a Formicid Fighter on May 9, 2023.
             Was the Champion of the Shining One.
             Slain by Asterion
             ... wielding a +0 spectral broad axe
              (11 damage)
             ... on level 2 of the Spider Nest.
             The game lasted 00:53:42 (20355 turns).

sasquatch the Severer (Formicid Fighter)           Turns: 20355, Time: 00:53:43

Health: -3/125     AC: 21    Str: 29    XL:     16   Next: 44%
Magic:  17/26      EV: 14    Int:  8    God:    the Shining One [******]
Gold:   1386       SH: 18    Dex: 17    Spells: 15/15 levels left

rFire   + + +        a - +4 broad axe (elec)
rCold   . . .        c - +0 buckler
rNeg    + + +        U - +0 chain mail {rF+}
rPois   +            (helmet unavailable)
rElec   .            w - +1 cloak
rCorr   +            V - +0 pair of gloves of Words of Power {Dex+4}
SInv    +            F - +1 pair of boots of Divine Intervention {Drain rC+ Will+ Regen+}
Will    ++...        m - amulet of regeneration Stlth
                     H - ring of the Yeti {rPois rF++ rC- AC+4 SInv}
HPRegen 2.00/turn    R - ring of resist corrosion
MPRegen 0.20/turn

%: no passive effects
@: divinely shielded, glowing, studying Shields
A: permanent stasis, dig shafts and tunnels, antennae 3, four strong arms
a: Dig, Shaft Self, Renounce Religion, Divine Shield, Cleansing Flame, Summon
Divine Warrior, Brand Weapon With Holy Wrath


You were on level 2 of the Spider Nest.
You worshipped the Shining One.
The Shining One was exalted by your worship.
You visited 5 branches of the dungeon, and saw 25 of its levels.
You also visited: Sewer and Bailey.

You collected 2532 gold pieces.
You spent 1146 gold pieces at shops.

Inventory:

Hand Weapons
 a - a +4 broad axe of electrocution (weapon)
 b - a +4 scimitar of flaming
Missiles
 d - 7 throwing nets
 o - 26 boomerangs
 v - 28 poisoned darts
 y - 11 javelins
 B - 3 curare-tipped darts (quivered)
 O - 3 atropa-tipped darts
Armour
 c - a +0 buckler (worn)
 l - a +7 crystal plate armour of ponderousness
 w - a +1 cloak (worn)
 F - the +1 pair of boots of Divine Intervention (worn) {Drain rC+ Will+ Regen+}
   (You found it on level 10 of the Dungeon)

   rC:        It protects you from cold.
   Regen:     It increases your rate of health regeneration.
   Drain:     It drains your maximum health when unequipped.
   Will:      It increases your willpower.
 U - a +0 chain mail of fire resistance (worn)
 V - the +0 pair of gloves of Words of Power (worn) {Dex+4}
   (You found it on level 1 of the Spider Nest)

   Dex:       It affects your dexterity (+4).
Jewellery
 h - a ring of flight
 m - an amulet of regeneration (around neck)
 E - an amulet of reflection
 H - the ring of the Yeti (left hand) {rPois rF++ rC- AC+4 SInv}
   (You bought it in a shop on level 2 of the Orcish Mines)

   [ring of protection]

   AC:        It affects your AC (+4).
   rF:        It greatly protects you from fire.
   rC:        It makes you vulnerable to cold.
   rPois:     It protects you from poison.
   SInv:      It lets you see invisible.
 P - a ring of protection from cold
 R - a ring of resist corrosion (right hand)
Wands
 n - a wand of iceblast (9)
 z - a wand of quicksilver (11)
 A - a wand of mindburst (20)
 K - a wand of polymorph (5)
 L - a wand of flame (22)
 S - a wand of paralysis (9)
Scrolls
 e - 5 scrolls of fear
 f - 9 scrolls of amnesia
 k - 3 scrolls of vulnerability
 p - 7 scrolls of magic mapping
 q - 5 scrolls of identify
 r - 4 scrolls of poison
 u - 12 scrolls of fog
 C - 7 scrolls of enchant armour
 Q - 2 scrolls of enchant weapon
Potions
 g - 5 potions of attraction
 i - 8 potions of curing
 j - 8 potions of mutation
 s - 6 potions of ambrosia
 t - 2 potions of brilliance
 x - a potion of flight
 D - 3 potions of magic
 G - a potion of cancellation
 J - 3 potions of lignification
 M - a potion of resistance
 N - 2 potions of might
Miscellaneous
 T - a phial of floods


   Skills:
 + Level 11.0 Fighting
 - Level 18.0 Axes
 - Level 10.0 Armour
 - Level 10.0 Dodging
 - Level 10.0 Shields
 - Level 14.0 Invocations
 + Level 4.6 Evocations


You had 15 spell levels left.
You didn't know any spells.
Your spell library contained the following spells:

 Spells                   Type           Power      Damage    Failure   Level
 Shock                    Conj/Air       0%         1d3       86%         1
 Ensorcelled Hibernation  Hex/Ice        0%         N/A       94%         2
 Passwall                 Tmut/Erth      0%         N/A       94%         2
 Poisonous Vapours        Pois/Air       0%         N/A       94%         2
 Dazzling Flash           Conj/Hex       0%         N/A       99%         3
 Frozen Ramparts          Ice            0%         1d1       99%         3
 Hailstorm                Conj/Ice       0%         3d3       99%         3
 Mephitic Cloud           Conj/Pois/Air  0%         N/A       99%         3
 Portal Projectile        Hex/Tloc       0%         N/A       99%         3
 Tukima's Dance           Hex            0%         N/A       99%         3
 Airstrike                Air            0%         2d(0-16)  100%        4
 Ice Form                 Ice/Tmut       0%         N/A       100%        4
 Summon Ice Beast         Ice/Summ       0%         N/A       100%        4
 Agony                    Necr           0%         N/A       100%        5
 Blade Hands              Tmut           0%         N/A       100%        5
 Freezing Cloud           Conj/Ice/Air   0%         6-21      100%        5
 Silence                  Hex/Air        0%         N/A       100%        5
 Simulacrum               Ice/Necr       0%         N/A       100%        6
 Swiftness                Air            Unusable   N/A       N/A         3

Dungeon Overview and Level Annotations

Branches:
Dungeon (15/15)            Temple (1/1) D:4            Lair (5/5) D:10
  Swamp (0/4) Lair:2       Spider (2/4) Lair:3        Slime (0/5) Lair:5
    Orc (2/2) D:12            Elf (0/3) Orc:2         Sewer (visited)
 Bailey (visited)
 Vaults: D:13-14     Depths: D:15

Altars:
Elyvilon
Kikubaaqudgha
Makhleb
Nemelex Xobeh
Ru
Uskayaw
Vehumet
Xom
The Shining One
Jiyva

Shops:
D:3 :   Orc:1 !   Orc:2 :[([=

Annotations:
D:8 Gastronok
D:10 exclusion: door
D:12 Jorgrun
Lair:3 exclusion: 2 oklob plants
Spider:2 Asterion


Innate Abilities, Weirdness & Mutations

You cannot be hasted, slowed, berserked, paralysed or teleported.
You can dig through walls and to a lower floor.
You have a pair of large antennae on your head. (SInv)
Your four strong arms can wield two-handed weapons with a shield.


Message History

The +0 spectral broad axe hits your angel!
Your angel dies!
Your angel dissolves into sparkling lights!
The +0 spectral broad axe hits you but does no damage.
Asterion hits you but does no damage.
You block the +0 spectral broad axe's attack.
Asterion gores you but does no damage.
You slice Asterion!! Lightning courses through Asterion!
Asterion is almost dead.
You barely miss the +0 spectral broad axe.
The +0 spectral broad axe closely misses you.
Asterion hits you with a +0 spectral broad axe!!
* * * LOW HITPOINT WARNING * * *
The +0 spectral broad axe misses you. Asterion gores you!
* * * LOW HITPOINT WARNING * * *
Unknown command.
Okay, then.
Unknown command.
Okay, then.
Okay, then.
Unknown command.
Asterion blocks your attack.
Asterion is almost dead.
You barely miss the +0 spectral broad axe.
You block Asterion's attack.
You block the +0 spectral broad axe's attack.
Asterion gores you but does no damage.
Unknown command.
You completely miss Asterion.
Asterion is almost dead.
You hit the +0 spectral broad axe.
Asterion shares his spectral weapon's damage!
Asterion barely misses you.
You block the +0 spectral broad axe's attack.
Asterion gores you but does no damage. Asterion blocks your attack.
Asterion is almost dead.
You hit the +0 spectral broad axe but do no damage.
Asterion hits you with a +0 spectral broad axe!
You die...

....#####......^..
.....##.^.........#
..#..#...#...#....#
#....?....#.##...##
###........#..###..### #
........#....##.#....#.##
........................#
.##.......##.....(.......
.##^##....##.##.@H2......
....##.##.^.^##.##.....##
........#.......##..##.#
....................#
......................
..#...####..#.#####...
###### ###### .... ..##.


You could see Asterion (fast), a green death (summoned) and a +0 spectral broad
axe.

Vanquished Creatures
  An emperor scorpion (Spider:1)
  2 orc warlords
  A broodmother (Spider:1)
  A spark wasp (Spider:1)
  3 entropy weavers
  Josephine (D:11)
  Fannar (Orc:1)
  A rakshasa (D:14)
  Harold (Orc:1)
  2 hydras
  An ogre mage (D:15)
  Erica (Lair:1)
  2 boulder beetles
  A tengu warrior (D:14)
  3 two-headed ogres
  3 death yaks (Lair:2)
  3 centaur warriors
  4 orc high priests (Orc:2)
  A pharaoh ant (Spider:2)
  3 orb spiders (Spider:1)
  A swamp dragon (Lair:5)
  A steelbarb worm (Spider:2)
  3 orc knights
  2 ugly things
  5 orc sorcerers
  4 cyclopes
  3 wolf spiders
  18 elephants
  A black mamba (Lair:2)
  2 demonic crawlers
  7 cane toads
  2 kobold demonologists (D:12)
  3 rime drakes
  5 komodo dragons
  An unseen horror (D:12)
  2 tengu conjurers (D:15)
  8 trolls
  A queen bee (Lair:3)
  2 polar bears
  8 tarantellas
  16 dream sheep
  Grinder (D:3)
  Prince Ribbit (Lair:1)
  16 blink frogs
  3 jumping spiders
  9 slime creatures
  11 culicivoras
  5 wyverns
  Sigmund (D:5)
  3 shadows
  9 wraiths
  6 basilisks
  A vampire (D:12)
  25 yaks
  4 fire bats (D:10)
  23 redbacks
  4 steam dragons
  A fire elemental (Lair:2)
  6 wargs
  6 acid dragons
  Edmund (D:5)
  11 water moccasins
  41 orc warriors
  2 sky beasts (D:7)
  A swamp drake (Lair:5)
  A black bear (D:6)
  An ice beast (D:6)
  5 ogres
  33 wolves
  6 centaurs
  A phantom (D:6)
  5 bullfrogs
  6 kobold brigands
  A gnoll sergeant (D:8)
  3 scorpions
  3 wights (D:9)
  38 killer bees
  3 howler monkeys
  A lava snake (Lair:2)
  2 gnoll boudas (D:7)
  20 orc priests
  5 hounds
  2 jellies (D:7)
  Crazy Yiuf (D:3)
  7 iguanas
  24 orc wizards
  11 hell rats
  13 gnolls
  7 adders
  4 river rats
  2 shadow imps (D:6)
  2 white imps
  2 ufetubi (D:4)
  2 worms
  4 dart slugs
  117 orcs
  13 endoplasms
  7 giant cockroaches
  8 goblins
  8 hobgoblins
  A quokka (D:1)
  10 ball pythons
  7 bats
  6 frilled lizards
  42 kobolds
  14 rats
  2 fire vortices
772 creatures vanquished.

Vanquished Creatures (collateral kills)
  Saint Roka (Orc:2)
  A fire dragon (Lair:5)
  3 orc warriors (Orc:2)
  2 orcs (Orc:2)
  A spectral weapon (Spider:2)
8 creatures vanquished.

Vanquished Creatures (others)
  A basilisk (Lair:5)
1 creature vanquished.

Grand Total: 781 creatures vanquished

Notes
Turn   | Place    | Note
-------+----------+-------------------------------------------
     0 | D:1      | sasquatch the Formicid Fighter began the quest for the Orb.
     0 | D:1      | Reached XP level 1. HP: 18/18 MP: 1/1
    24 | D:1      | Reached XP level 2. HP: 13/24 MP: 2/2
   183 | D:1      | Reached XP level 3. HP: 22/29 MP: 3/3
   206 | D:1      | Reached skill level 3 in Axes
   667 | D:2      | Identified the +1 mace of Fee Simple {heavy, +Blink MP+9
                  | SInv}
   683 | D:2      | Reached XP level 4. HP: 35/35 MP: 4/4
  1336 | D:3      | Found a runed translucent door.
  1337 | D:3      | Noticed Crazy Yiuf
  1366 | D:3      | Found a radiant altar of Vehumet.
  1451 | D:3      | Found a faded altar of an unknown god.
  1454 | D:3      | Reached skill level 5 in Shields
  1474 | D:3      | Reached skill level 4 in Axes
  1474 | D:3      | Reached XP level 5. HP: 18/41 MP: 5/5
  1564 | D:3      | Found a white marble altar of Elyvilon.
  1699 | D:3      | Noticed Grinder
  1725 | D:3      | HP: 1/41 [Grinder/nerve-wracking pain (9)]
  1726 | D:3      | Killed Grinder
  1727 | D:3      | Reached skill level 5 in Axes
  1727 | D:3      | Reached XP level 6. HP: 1/47 MP: 6/6
  2086 | D:3      | Found Toehib's Book Emporium.
  2152 | D:3      | Killed Crazy Yiuf
  2527 | D:4      | Found a staircase to the Ecumenical Temple.
  2538 | Temple   | Entered the Ecumenical Temple
  2548 | Temple   | Became a worshipper of the Shining One
  2559 | D:4      | Reached XP level 7. HP: 52/52 MP: 7/7
  3066 | D:5      | Entered Level 5 of the Dungeon
  3195 | D:5      | Reached skill level 6 in Axes
  3202 | D:5      | Found a glowing drain.
  3241 | Sewer    | Entered a sewer
  3457 | Sewer    | Reached skill level 7 in Axes
  3457 | Sewer    | Reached XP level 8. HP: 49/58 MP: 8/8
  4024 | D:5      | Noticed Edmund
  4027 | D:5      | Noticed Sigmund
  4027 | D:5      | Reached * piety under the Shining One
  4032 | D:5      | Killed Edmund
  4040 | D:5      | Killed Sigmund
  4041 | D:5      | Reached skill level 8 in Axes
  4721 | D:6      | Reached XP level 9. HP: 63/63 MP: 9/9
  4760 | D:6      | Found a shimmering altar of Xom.
  4784 | D:6      | Reached skill level 9 in Axes
  5221 | D:7      | Reached skill level 10 in Axes
  5228 | D:7      | Reached skill level 10 in Shields
  5244 | D:7      | Reached skill level 11 in Axes
  5244 | D:7      | Reached XP level 10. HP: 35/70 MP: 10/10
  5409 | D:7      | Found an ancient bone altar of Kikubaaqudgha.
  5678 | D:7      | Reached skill level 12 in Axes
  5961 | D:8      | Reached ** piety under the Shining One
  6012 | D:8      | Found a flagged portal.
  6019 | Bailey   | Entered a bailey
  6024 | Bailey   | Noticed an orc warlord
  6119 | Bailey   | Found a runed translucent gate.
  6132 | Bailey   | Found a runed translucent gate.
  6271 | Bailey   | Found a runed translucent gate.
  6451 | Bailey   | Killed an orc warlord
  6452 | Bailey   | Reached skill level 13 in Axes
  6496 | Bailey   | Reached skill level 16 in Axes
  6496 | Bailey   | Reached XP level 11. HP: 75/75 MP: 11/11
  6655 | D:8      | Noticed Gastronok
  7283 | D:9      | Noticed a two-headed ogre
  7294 | D:9      | Killed a two-headed ogre
  7695 | D:9      | Reached XP level 12. HP: 77/81 MP: 12/12
  7966 | D:10     | Entered Level 10 of the Dungeon
  7968 | D:10     | Found a staircase to the Lair.
  8124 | D:10     | Reached skill level 5 in Fighting
  8124 | D:10     | Reached skill level 17 in Axes
  8356 | D:10     | Identified the +1 pair of boots of Divine Intervention
                  | {Drain rC+ Will+ Regen+}
  9069 | Lair:1   | Entered Level 1 of the Lair of Beasts
  9289 | Lair:1   | Reached *** piety under the Shining One
  9290 | Lair:1   | Noticed Prince Ribbit
  9307 | Lair:1   | Killed Prince Ribbit
  9532 | Lair:1   | Noticed Erica
  9543 | Lair:1   | Killed Erica
  9544 | Lair:1   | Reached XP level 13. HP: 82/99 MP: 13/13
  9752 | Lair:1   | Reached skill level 18 in Axes
 10174 | Lair:2   | Reached skill level 10 in Fighting
 10217 | Lair:2   | Reached skill level 1 in Dodging
 10470 | Lair:2   | Reached skill level 5 in Armour
 10546 | Lair:2   | Found a staircase to the Swamp.
 10841 | Lair:3   | Found a hole to the Spider Nest.
 10970 | Lair:3   | Reached **** piety under the Shining One
 11195 | Lair:3   | Reached skill level 5 in Dodging
 11297 | Lair:3   | Identified the +11 rapier of Temyhes {vamp, Int+3}
 11464 | Lair:3   | Reached XP level 14. HP: 110/110 MP: 14/14
 12052 | Lair:3   | Reached ***** piety under the Shining One
 13118 | Lair:5   | Entered Level 5 of the Lair of Beasts
 13185 | Lair:5   | Found a viscous altar of Jiyva.
 13185 | Lair:5   | Found a staircase to the Slime Pits.
 13483 | Lair:5   | Reached skill level 10 in Armour
 15552 | D:12     | Noticed Jorgrun
 15596 | D:12     | Noticed Josephine
 15613 | D:11     | Killed Josephine
 15745 | D:12     | Found a staircase to the Orcish Mines.
 15783 | D:12     | Reached skill level 10 in Dodging
 15836 | D:12     | Reached skill level 1 in Invocations
 15932 | D:12     | You are sucked into a shaft and drop 3 floors!
 15932 | D:15     | Entered Level 15 of the Dungeon
 16070 | D:15     | Reached XP level 15. HP: 115/115 MP: 15/17
 16270 | D:15     | Reached skill level 5 in Invocations
 17081 | Orc:1    | Entered Level 1 of the Orcish Mines
 17236 | Orc:1    | Noticed Harold
 17242 | Orc:1    | Noticed Fannar
 17249 | Orc:1    | Killed Harold
 17263 | Orc:1    | Killed Fannar
 17264 | Orc:1    | Reached skill level 10 in Invocations
 17271 | Orc:1    | Found Poug's Distillery.
 17341 | Orc:1    | You are sucked into a shaft and drop 1 floor!
 17341 | Orc:2    | Entered Level 2 of the Orcish Mines
 17437 | Orc:2    | Noticed Saint Roka
 17476 | Orc:2    | Killed Saint Roka
 17568 | Orc:2    | Found a staircase to the Elven Halls.
 18006 | Orc:2    | Found Duargho's Book Shoppe.
 18172 | Orc:2    | Reached ****** piety under the Shining One
 18614 | Orc:2    | Found Jetaurus's Armour Shop.
 18722 | Orc:2    | Noticed an orc warlord
 18743 | Orc:2    | Killed an orc warlord
 18878 | Orc:2    | Reached XP level 16. HP: 120/122 MP: 25/25
 18887 | Orc:2    | Found Mupla's Antique Weapon Boutique.
 18889 | Orc:2    | Found Hojalomyu's Antique Armour Shop.
 18926 | Orc:2    | Found Qetzurgho's Jewellery Shoppe.
 19016 | Orc:2    | Bought the ring of the Yeti {rPois rF++ rC- AC+4 SInv} for
                  | 866 gold pieces
 19016 | Orc:2    | Bought a ring of resist corrosion for 280 gold pieces
 19268 | Spider:1 | Entered Level 1 of the Spider Nest
 19516 | Spider:1 | Identified the +0 pair of gloves of Words of Power {Dex+4}
 19592 | Spider:1 | Reached skill level 1 in Evocations
 19756 | Spider:1 | Noticed an emperor scorpion
 19770 | Spider:1 | Killed an emperor scorpion
 20341 | Spider:2 | Noticed Asterion
 20352 | Spider:2 | HP: 4/125 [Asterion/+0 spectral broad axe (7)]
 20355 | Spider:2 | Slain by Asterion

Illustrated notes

Levels and vault maps discovered:
D:1:      dpeg_arrival_windows_large_door, layout_rooms
D:2:      layout_loops_ring, grunt_ministairs_8, corexii_shack
D:3:      layout_rooms, nicolae_overflow_ecumenical_swirl,
          nicolae_vehumet_radiance, serial_shops, shop, uniq_grinder,
          uniq_crazy_yiuf_cottage
D:4:      layout_basic, minmay_temple_entry_mini_moons
D:5:      layout_basic, portal_sewer_entry_a, uniq_edmund, uniq_sigmund
D:6:      layout_rooms, mainiacjoe_overflow_chevrons
D:7:      layout_loops_cross, kennysheep_mini, grunt_ogre_cave
D:8:      layout_basic, enter_bailey_2, uniq_gastronok
D:9:      layout_basic
D:10:     layout_layer_cave, erik_lair_orcish_takeover, hangedman_incinerator
D:11:     layout_basic
D:12:     layout_gridville, david_orc_2, serial_glass, glass_columns_b,
          glass_columns_a, uniq_jorgrun, uniq_josephine
D:13:     layout_basic, skrybe_vaults_entry_preservation, gauntlet_entry_generic
D:14:     layout_cave_pools, minivault_24, guppyfry_shop_blood
D:15:     hangedman_depths_entry_civil_slaughter, layout_loops_ring,
          chequers_serial_rivers_micro_d
Temple:   hc_temple_tempest_star
Lair:1:   layout_long_grid, grunt_forest_large_clearings, uniq_prince_ribbit2,
          uniq_erica
Lair:2:   layout_gridlike, swamp_mist_pool, infiniplex_staircase_pool_2
Lair:3:   regret_index_harrowing_hell_hive, layout_cave_pods,
          nicolae_spider_entry_tight_spaces, chequers_serial_rivers_micro_d,
          chequers_serial_rivers_micro_a, ldierk_geyser
Lair:4:   layout_cave_pods
Lair:5:   guppyfry_lair_end_dragon, layout_cellular_growth, slime_entry_1,
          dreamdust_deal_with_the_devil, grunt_megastairs_2
Spider:1: layout_spider_delve
Spider:2: layout_spider_delve, hangedman_spider_tarantella_strand, uniq_asterion
Orc:1:    layout_diamond_mine, serial_shops, nicolae_shop_behind_doors,
          uniq_fannar, uniq_harold
Orc:2:    grunt_orc_community_town_hall, layout_caves,
          grunt_orc_community_big_house_1, grunt_orc_community_big_house_1,
          grunt_orc_community_house_2, grunt_orc_community_house_1,
          grunt_orc_community_house_1, grunt_orc_community_house_3,
          grunt_orc_community_house_2, basic_altar, serial_shops,
          nicolae_book_shop_shelving, bh_open_orc_temple, uniq_saint_roka

Skill      XL: |  1  2  3  4  5  6  7  8  9 10 11 12 13 14 15 16 |
---------------+-------------------------------------------------+-----
Axes           | 3 4 5 7 8 11 16 17 18 | 18.0
Shields        | 5 6 7 8 10 | 10.0
Fighting       | 8 10 11 | 11.0
Dodging        | 5 10 | 10.0
Armour         | 7 10 | 10.0
Invocations    | 2 13 14 | 14.0
Evocations     | 4 |  4.6

Action                     |  1- 3 |  4- 6 |  7- 9 | 10-12 | 13-15 | 16-18 || total
---------------------------+-------+-------+-------+-------+-------+-------++-------
  Melee: War axe           |    69 |    97 |   266 |   152 |       |       ||   584
         Broad axe         |       |       |       |   258 |  1253 |   196 ||  1707
         Scimitar          |       |       |       |       |    10 |       ||    10
  Throw: Throwing net      |       |     1 |       |     2 |       |       ||     3
         Dart              |       |       |       |    15 |       |       ||    15
 Invoke: Divine Shield     |       |       |     1 |     1 |    10 |     1 ||    13
         Summon Divine War |       |       |       |       |     1 |     1 ||     2
Ability: Dig               |       |       |     1 |     3 |    16 |     1 ||    21
  Evoke: Wand              |       |       |       |     1 |     2 |       ||     3
    Use: Potion            |       |     1 |     1 |     2 |     3 |     4 ||    11
         Scroll            |       |       |     8 |    12 |    11 |     3 ||    34
 Armour: Scale mail        |    48 |    29 |    68 |   104 |   265 |       ||   514
         Chain mail        |       |       |       |       |    79 |   119 ||   198
  Dodge: Dodged            |    37 |    33 |    96 |   135 |   467 |   126 ||   894
  Block: Buckler           |    23 |    20 |    83 |   117 |   361 |    67 ||   671
